General information
- name: BNet
- type: Ladder team game (AT/RT)
- host: Battle.net
- saver: JdbL
map: FullScaleAssault
- players: 8
- length: 19:39
- speed: Fast
- version: 1.26 W3XP
- replay type: Public
» download(109 KB)
Players
team 1 (winner)

»
NatesHiggers (
purple | 29 APM | 561 actions | 19:39)
4 Priestess of the Moon
2 Trueshot Aura
2 Searing Arrows
2 Keeper of the Grove
1 Entangling Roots
1 Force of Nature
» actions
| Build / train | 63 | |
| Enter build submenu | 15 | |
| Enter hero's abilities submenu | 6 | |
| Give item / drop item | 1 | |
| Remove unit from queue | 8 | |
| Right click | 214 | |
| Select / deselect | 232 | |
| Use ability | 22 | |
561 total
» units
| Wisp | 14 | |
| Archer | 5 | |
| Huntress | 8 | |
| Druid of the Claw | 9 | |
| Mortar Team | 1 | |
37 total
» upgrades
| Strength of the Wild | 2 | |
| Reinforced Hides | 2 | |
| Strength of the Moon | 0 | |
| Druid of the Claw Training | 2 | |
| Mark of the Claw | 1 | |
7 total
» buildings
| Altar of Elders | 1 | |
| Moon Well | 7 | |
| Ancient of War | 1 | |
| Hunter's Hall | 1 | |
| Tree of Ages | 1 | |
| Tree of Life | 1 | |
| Ancient of Wonders | 1 | |
| Ancient of Lore | 2 | |
| Tree of Eternity | 1 | |
16 total
» build order
00:06 Altar of Elders
00:26 Moon Well
01:12 Ancient of War
01:26 Moon Well
02:07 Hunter's Hall
04:23 Moon Well
05:10 Tree of Ages
05:41 Moon Well
06:26 Tree of Life
07:09 Ancient of Wonders
08:54 Ancient of Lore
10:57 Moon Well
12:12 Tree of Eternity
13:09 Moon Well
13:18 Moon Well
15:59 Ancient of Lore
» items
JdbL (
teal | 51 APM | 1006 actions | 19:39)
8 Blademaster
3 Wind Walk
3 Critical Strike
1 Bladestorm
1 Mirror Image
» actions
| Assign group hotkey | 45 | |
| Basic commands | 5 | |
| Build / train | 58 | |
| Enter build submenu | 40 | |
| Enter hero's abilities submenu | 8 | |
| Give item / drop item | 2 | |
| Remove unit from queue | 16 | |
| Right click | 514 | |
| Select / deselect | 204 | |
| Select group hotkey | 32 | |
| Use ability | 82 | |
1006 total
» units
| Peon | 9 | |
| Grunt | 4 | |
| Goblin Shredder | 1 | |
| Goblin Zeppelin | 1 | |
15 total
» upgrades
| Armor | 1 | |
| Ranged Weapons | 2 | |
| Reinforced Defenses | 1 | |
4 total
» buildings
| Orc Burrow | 3 | |
| Altar of Storms | 1 | |
| Barracks | 1 | |
| Voodoo Lounge | 1 | |
| Stronghold | 1 | |
| Great Hall | 3 | |
| War Mill | 1 | |
| Fortress | 1 | |
| Watch Tower | 23 | |
| Beastiary | 8 | |
43 total
» build order
00:23 Orc Burrow
01:14 Altar of Storms
01:20 Barracks
01:29 Orc Burrow
01:58 Voodoo Lounge
03:04 Stronghold
05:01 Great Hall
05:14 War Mill
05:24 Orc Burrow
08:35 Fortress
10:12 Great Hall
10:15 Watch Tower
10:15 Watch Tower
10:15 Watch Tower
10:16 Watch Tower
10:17 Watch Tower
10:20 Watch Tower
11:15 Watch Tower
11:15 Watch Tower
11:18 Watch Tower
11:18 Watch Tower
11:21 Watch Tower
11:21 Watch Tower
11:26 Watch Tower
11:27 Watch Tower
15:49 Beastiary
15:49 Beastiary
15:50 Beastiary
15:50 Beastiary
15:51 Beastiary
15:52 Beastiary
16:15 Beastiary
16:20 Beastiary
17:35 Watch Tower
17:35 Watch Tower
17:35 Watch Tower
17:36 Watch Tower
17:43 Great Hall
17:50 Watch Tower
17:51 Watch Tower
17:51 Watch Tower
17:52 Watch Tower
» items
| Healing Salve | 2 | |
| Boots of Speed | 1 | |
| Circlet of Nobility | 1 | |
| Scroll of Town Portal | 3 | |
| Potion of Healing | 1 | |
| Lesser Clarity Potion | 1 | |
| Orb of Lightning | 4 | |
13 total

»
aDrIaNo (
green | 23 APM | 363 actions | 15:31)
2 Demon Hunter
1 Mana Burn
1 Evasion
2 Priestess of the Moon
1 Searing Arrows
1 Trueshot Aura
» actions
| Assign group hotkey | 10 | |
| Basic commands | 29 | |
| Build / train | 41 | |
| ESC pressed | 1 | |
| Enter build submenu | 17 | |
| Enter hero's abilities submenu | 4 | |
| Remove unit from queue | 1 | |
| Right click | 42 | |
| Select / deselect | 144 | |
| Select group hotkey | 47 | |
| Use ability | 27 | |
363 total
» units
| Wisp | 18 | |
| Mountain Giant | 1 | |
| Chimaera | 3 | |
| Giant Sea Turtle | 1 | |
| Makrura Snapper | 1 | |
| Mur'gul Snarecaster | 1 | |
| Makrura Deepseer | 1 | |
26 total
» upgrades
| Ultravision | 1 | |
| Strength of the Wild | 1 | |
| Corrosive Breath | 1 | |
| Well Spring | 1 | |
4 total
» buildings
| Moon Well | 9 | |
| Hunter's Hall | 1 | |
| Altar of Elders | 1 | |
| Tree of Ages | 1 | |
| Tree of Eternity | 1 | |
| Ancient of Wind | 1 | |
| Ancient of Wonders | 2 | |
| Ancient of Lore | 1 | |
| Chimaera Roost | 2 | |
| Tree of Life | 1 | |
20 total
» build order
00:13 Moon Well
00:21 Hunter's Hall
01:55 Altar of Elders
02:27 Tree of Ages
02:36 Moon Well
02:41 Moon Well
02:46 Moon Well
02:57 Moon Well
03:30 Moon Well
03:40 Moon Well
03:53 Moon Well
04:11 Moon Well
04:49 Tree of Eternity
05:06 Ancient of Wind
05:16 Ancient of Wonders
05:36 Ancient of Wonders
05:44 Ancient of Lore
07:26 Chimaera Roost
07:52 Chimaera Roost
11:05 Tree of Life
» items
| Orb of Venom | 1 | |
| Scroll of Protection | 1 | |
2 total
BelligerentMonk (
red | 52 APM | 862 actions | 16:43)
3 Archmage
2 Summon Water Elemental
1 Brilliance Aura
» actions
| Assign group hotkey | 23 | |
| Basic commands | 1 | |
| Build / train | 38 | |
| Enter build submenu | 21 | |
| Enter hero's abilities submenu | 3 | |
| Remove unit from queue | 1 | |
| Right click | 306 | |
| Select / deselect | 229 | |
| Select group hotkey | 192 | |
| Use ability | 48 | |
862 total
» units
| Peasant | 14 | |
| Goblin Shredder | 1 | |
| Goblin Zeppelin | 4 | |
| Siege Engine | 2 | |
21 total
» upgrades
» buildings
| Altar of Kings | 1 | |
| Farm | 8 | |
| Arcane Vault | 1 | |
| Keep | 1 | |
| Blacksmith | 1 | |
| Lumber Mill | 1 | |
| Castle | 1 | |
| Workshop | 4 | |
| Town Hall | 2 | |
20 total
» build order
00:07 Altar of Kings
00:09 Farm
00:15 Arcane Vault
03:23 Keep
03:40 Blacksmith
03:43 Farm
04:31 Lumber Mill
04:45 Farm
04:57 Farm
05:46 Castle
05:51 Workshop
05:55 Workshop
06:17 Workshop
06:36 Workshop
07:08 Farm
07:53 Farm
10:44 Town Hall
11:00 Farm
13:14 Farm
15:16 Town Hall
» items
| Lesser Clarity Potion | 5 | |
| Scroll of Regeneration | 2 | |
| Potion of Healing | 1 | |
8 total
team 2 (loser)
WhiteLightning. (
pink | 79 APM | 1547 actions | 19:39)
5 Archmage
3 Summon Water Elemental
2 Brilliance Aura
» actions
| Assign group hotkey | 44 | |
| Basic commands | 19 | |
| Build / train | 104 | |
| ESC pressed | 1 | |
| Enter build submenu | 53 | |
| Enter hero's abilities submenu | 5 | |
| Give item / drop item | 3 | |
| Remove unit from queue | 4 | |
| Right click | 560 | |
| Select / deselect | 375 | |
| Select group hotkey | 282 | |
| Use ability | 97 | |
1547 total
» units
| Peasant | 23 | |
| Footman | 12 | |
| Goblin Shredder | 1 | |
| Goblin Zeppelin | 1 | |
| Mortar Team | 2 | |
| Knight | 2 | |
| Flying Machine | 6 | |
47 total
» upgrades
| Masonry | 3 | |
| Defend | 1 | |
| Swords | 3 | |
| Backpack | 1 | |
| Lumber Harvesting | 2 | |
| Armor | 2 | |
| Plating | 3 | |
| Animal War Training | 1 | |
| Fragmentation Shards | 1 | |
| Flare | 1 | |
| Flak Cannons | 1 | |
19 total
» buildings
| Altar of Kings | 1 | |
| Farm | 10 | |
| Barracks | 3 | |
| Lumber Mill | 1 | |
| Town Hall | 2 | |
| Arcane Vault | 2 | |
| Scout Tower | 22 | |
| Guard Tower | 20 | |
| Keep | 1 | |
| Blacksmith | 1 | |
| Castle | 1 | |
| Workshop | 2 | |
| Gryphon Aviary | 3 | |
69 total
» build order
00:03 Altar of Kings
00:08 Farm
00:21 Barracks
00:50 Farm
01:35 Farm
02:06 Lumber Mill
03:26 Town Hall
03:32 Farm
03:52 Arcane Vault
04:43 Scout Tower
04:46 Scout Tower
04:50 Scout Tower
05:17 Guard Tower
05:19 Guard Tower
06:29 Farm
07:11 Scout Tower
07:14 Scout Tower
07:17 Scout Tower
07:19 Keep
07:34 Blacksmith
07:59 Guard Tower
09:41 Castle
10:49 Barracks
10:53 Workshop
10:56 Workshop
13:15 Scout Tower
13:16 Scout Tower
13:17 Scout Tower
13:19 Scout Tower
13:20 Scout Tower
13:22 Scout Tower
13:34 Town Hall
14:52 Guard Tower
15:26 Barracks
15:28 Farm
15:31 Farm
17:09 Gryphon Aviary
17:13 Gryphon Aviary
17:16 Gryphon Aviary
17:29 Farm
17:29 Farm
17:30 Farm
17:39 Scout Tower
17:40 Scout Tower
17:41 Scout Tower
17:43 Scout Tower
17:45 Scout Tower
18:06 Guard Tower
18:07 Guard Tower
18:07 Guard Tower
18:08 Guard Tower
18:09 Guard Tower
18:13 Guard Tower
18:13 Guard Tower
18:13 Guard Tower
18:13 Guard Tower
18:21 Arcane Vault
18:27 Guard Tower
18:55 Scout Tower
18:56 Scout Tower
18:59 Scout Tower
19:01 Scout Tower
19:05 Scout Tower
19:29 Guard Tower
19:31 Guard Tower
» items
| Scroll of Regeneration | 3 | |
| Mechanical Critter | 3 | |
6 total
143joe (
orange | 28 APM | 454 actions | 15:58)
2 Archmage
1 Summon Water Elemental
1 Blizzard
» actions
| Basic commands | 17 | |
| Build / train | 48 | |
| Enter build submenu | 18 | |
| Enter hero's abilities submenu | 2 | |
| Right click | 189 | |
| Select / deselect | 115 | |
| Use ability | 65 | |
454 total
» units
| Peasant | 17 | |
| Footman | 7 | |
| Mortar Team | 6 | |
| Rifleman | 2 | |
| Knight | 5 | |
| Priest | 3 | |
40 total
» upgrades
| Flare | 1 | |
| Fragmentation Shards | 1 | |
| Animal War Training | 1 | |
3 total
» buildings
| Altar of Kings | 1 | |
| Farm | 9 | |
| Barracks | 1 | |
| Lumber Mill | 1 | |
| Keep | 1 | |
| Blacksmith | 1 | |
| Workshop | 1 | |
| Gryphon Aviary | 1 | |
| Castle | 1 | |
| Arcane Vault | 1 | |
| Arcane Sanctum | 1 | |
| Town Hall | 1 | |
20 total
» build order
00:46 Altar of Kings
00:57 Farm
01:15 Barracks
01:37 Farm
01:53 Lumber Mill
02:20 Farm
03:01 Farm
03:52 Keep
04:48 Blacksmith
04:51 Farm
05:48 Farm
06:47 Workshop
07:28 Gryphon Aviary
07:30 Castle
09:02 Arcane Vault
09:07 Farm
09:23 Arcane Sanctum
13:44 Town Hall
14:03 Farm
14:07 Farm
GeneralCuster (
yellow | 21 APM | 418 actions | 19:39)
4 Demon Hunter
2 Immolation
2 Evasion
1 Priestess of the Moon
1 Trueshot Aura
» actions
| Basic commands | 99 | |
| Build / train | 89 | |
| Enter build submenu | 27 | |
| Enter hero's abilities submenu | 5 | |
| Give item / drop item | 1 | |
| Right click | 5 | |
| Select / deselect | 151 | |
| Use ability | 41 | |
418 total
» units
| Wisp | 32 | |
| Archer | 10 | |
| Huntress | 18 | |
| Hippogryph | 10 | |
70 total
» upgrades
| Strength of the Wild | 2 | |
| Reinforced Hides | 2 | |
| Ultravision | 1 | |
| Strength of the Moon | 1 | |
| Moon Armor | 1 | |
7 total
» buildings
| Altar of Elders | 1 | |
| Moon Well | 6 | |
| Ancient of War | 2 | |
| Hunter's Hall | 1 | |
| Tree of Life | 1 | |
| Ancient Protector | 8 | |
| Tree of Ages | 1 | |
| Ancient of Wonders | 1 | |
| Ancient of Wind | 2 | |
| Tree of Eternity | 1 | |
| Chimaera Roost | 1 | |
25 total
» build order
00:21 Altar of Elders
00:25 Moon Well
01:15 Ancient of War
01:36 Moon Well
02:02 Moon Well
02:38 Moon Well
04:09 Hunter's Hall
04:23 Ancient of War
04:54 Moon Well
05:30 Tree of Life
06:18 Ancient Protector
07:45 Ancient Protector
10:16 Tree of Ages
10:27 Ancient Protector
10:34 Ancient Protector
10:56 Ancient of Wonders
11:11 Ancient Protector
12:43 Ancient of Wind
13:36 Ancient Protector
15:40 Ancient of Wind
15:42 Tree of Eternity
16:02 Ancient Protector
16:07 Ancient Protector
17:27 Moon Well
18:35 Chimaera Roost
» items
| Scroll of Town Portal | 2 | |
| Scroll of Healing | 1 | |
3 total

»
Trogue (
blue | 16 APM | 324 actions | 19:39)
3 Blood Mage
2 Flame Strike
1 Siphon Mana
» actions
| Build / train | 50 | |
| Enter build submenu | 25 | |
| Enter hero's abilities submenu | 3 | |
| Remove unit from queue | 1 | |
| Right click | 56 | |
| Select / deselect | 155 | |
| Use ability | 34 | |
324 total
» units
| Peasant | 20 | |
| Footman | 7 | |
| Rifleman | 8 | |
35 total
» upgrades
| Gunpowder | 2 | |
| Long Rifles | 1 | |
| Lumber Harvesting | 1 | |
4 total
» buildings
| Altar of Kings | 1 | |
| Farm | 8 | |
| Barracks | 2 | |
| Lumber Mill | 1 | |
| Scout Tower | 6 | |
| Guard Tower | 4 | |
| Blacksmith | 1 | |
| Town Hall | 2 | |
| Arcane Vault | 1 | |
| Keep | 1 | |
| Castle | 1 | |
28 total
» build order
00:08 Altar of Kings
00:16 Farm
00:54 Farm
01:12 Barracks
01:46 Lumber Mill
02:23 Farm
02:37 Scout Tower
03:05 Scout Tower
03:18 Guard Tower
03:23 Farm
03:27 Scout Tower
04:13 Guard Tower
04:21 Blacksmith
04:37 Farm
04:42 Scout Tower
05:57 Town Hall
06:09 Farm
06:41 Barracks
07:26 Farm
07:31 Arcane Vault
07:39 Keep
08:47 Farm
08:51 Scout Tower
09:52 Guard Tower
11:01 Town Hall
12:29 Castle
13:04 Scout Tower
13:40 Guard Tower
Chat log
(00:34 / All) BelligerentMonk: green is hispanic. how disgusting
(00:35 / All) WhiteLightning.: Right away I knew, White Lightning instead of Mountain Dew
(00:36 / All) JdbL: Hope you never grow old, hope you never grow old...
(01:01 / All) JdbL: maybe he's Italian
(01:07 / All) BelligerentMonk: doubt it
(01:30 / All) WhiteLightning.: The US is Mexico's little brother now
(01:37 / All) NatesHiggers: FUCK YOU ORANGE
(01:38 / All) WhiteLightning.: OUT
(01:45 / All) JdbL: US #1, we Anglo-Teutons will reclaim our land
(02:13 / All) BelligerentMonk: dude. you suck. if u want to reclaim this land, DO SOMETHING ABOUT IT
(02:17 / All) BelligerentMonk: kick hispanics out!
(02:24 / All) NatesHiggers: WHITE POWER
(02:27 / All) WhiteLightning.: I agree yellow. Modern Russia sucks. USSR was great though
(02:46 / All) JdbL: that would be my policy
(02:48 / All) BelligerentMonk: down with hispanics!
(02:51 / All) JdbL: Repatriation of the niggers and spics
(03:48 / Allies) BelligerentMonk: thanks, purp
(04:04 / Allies) NatesHiggers: my nigga
(05:02 / All) NatesHiggers: FUCK YOU ORANGE
(06:47 / All) WhiteLightning.: OUT
(06:48 / All) NatesHiggers: FUCK YOU ORANGE
(06:48 / All) WhiteLightning.: lagger
(06:50 / All) BelligerentMonk: FUCK YOU ORANGE
(06:55 / All) NatesHiggers: My man!
(07:35 / All) WhiteLightning.: OUT
(07:35 / All) BelligerentMonk: FUCK YOU PURPLE
(07:36 / All) WhiteLightning.: game of laggers
(07:51 / Allies) NatesHiggers: that was my dad he was fucking around
(08:13 / Allies) BelligerentMonk: oh boy
(08:13 / Allies) BelligerentMonk: why me
(08:24 / All) WhiteLightning.: free xp!
(08:38 / All) BelligerentMonk: u lost all your footies....
(08:48 / All) WhiteLightning.: I only lost 2
(09:10 / All) WhiteLightning.: worth it for every peon
(10:06 / All) NatesHiggers: Fuyck you
(10:33 / Allies) NatesHiggers: bears soon :D
(10:56 / All) BelligerentMonk: why dont you come back, pink?
(11:11 / All) WhiteLightning.: you got your t3 now?
(11:22 / All) BelligerentMonk: i made towers, noob
(11:27 / All) BelligerentMonk: try to kill that, idiot
(11:31 / All) WhiteLightning.: lol
(11:34 / All) WhiteLightning.: You sound angry
(11:45 / All) BelligerentMonk: aww scared of my towers, you?
(11:47 / All) BelligerentMonk: pathetic
(11:51 / All) WhiteLightning.: i see
(12:13 / All) BelligerentMonk: lol was that your little cow?
(12:19 / All) Trogue: FUCK YOU TEAL !!!!
(12:50 / All) BelligerentMonk: teal is awesome
(12:56 / All) BelligerentMonk: he's just fucking with you
(13:56 / All) WhiteLightning.: sup nice towers
(13:56 / Allies) NatesHiggers: this will be funneh red
(14:09 / All) BelligerentMonk: lol i was fucking with u
(14:50 / All) WhiteLightning.: I didn't even have a tp
(15:00 / All) NatesHiggers: AWesome yellow
(15:07 / All) BelligerentMonk: u got lucky
(15:23 / All) WhiteLightning.: Nah, you just suck
(15:31 / All) WhiteLightning.: eZ
(15:35 / All) BelligerentMonk: lag fest
(15:36 / All) WhiteLightning.: jesus fucking christ
(15:55 / Allies) JdbL: wood me
(16:07 / All) WhiteLightning.: you couldn't get it if you wanted to
(16:24 / All) WhiteLightning.: this is only a free mass tp
(16:50 / All) WhiteLightning.: am I still lucky, motherfucker?
(16:52 / All) JdbL: lol
(17:09 / Allies) NatesHiggers: wtf just happened
(18:28 / All) JdbL: did blue decide to stop trying?
(18:37 / All) Trogue: pretty much
(18:47 / Allies) NatesHiggers: mass mort on red?